 Dungeon Crawl Stone Soup version 0.29.0-7-g18a832c13a (webtiles) character file.

Game seed: 17777108326704811469

128 Leibowitz the Cutter (level 5, -6/69 HPs)
             Began as a Naga Gladiator on Aug 30, 2022.
             Killed by divine providence
             ... invoked by an orc priest
              (13 damage)
             ... on level 4 of the Dungeon.
             The game lasted 00:06:31 (3164 turns).

Leibowitz the Cutter (Naga Gladiator)               Turns: 3164, Time: 00:06:32

Health: -6/69      AC: 22    Str: 14 (17) XL:     5   Next: 12%
Magic:  5/5        EV:  1    Int:  5 (8)  God:
Gold:   172        SH:  0    Dex: 13 (14) Spells: 4/4 levels left

rFire   . . .      SeeInvis +   a - +0 rapier
rCold   + . .      Faith    .   (no shield)
rNeg    . . .      Spirit   .   (body armour currently unavailable)
rPois   +          Reflect  .   (helmet currently unavailable)
rElec   .          Harm     .   (cloak currently unavailable)
rCorr   .          Rampage  .   (gloves currently unavailable)
Will    .....      NoTele   +   (no barding)
Stlth   ++........              (no amulet)
HPRegen 0.21/turn               m - ring of protection from cold
MPRegen 0.09/turn               (no ring)

@: mighty, tree-form
A: stationary, stasis, torment immunity, boosted hp, AC +1, large, see
invisible, (deformed body), (poison resistance), (slowness 2), spit poison 1,
(naga tail 1)
a: Spit Poison


You were on level 4 of the Dungeon.
You were a tree.
You visited 1 branch of the dungeon, and saw 4 of its levels.

You collected 172 gold pieces.

Inventory:

Hand Weapons
 a - a +0 rapier (weapon)
Missiles
 d - 3 throwing nets (quivered)
 e - a javelin
Armour
 c - a +0 helmet (melded)
 o - a +2 robe of willpower (melded)
Jewellery
 m - a ring of protection from cold (left branch)
Scrolls
 b - 2 scrolls of poison {unknown}
 f - 4 scrolls of teleportation {unknown}
 h - 2 scrolls of magic mapping {unknown}
 i - a scroll of brand weapon {unknown}
 j - a scroll of identify {unknown}
 k - a scroll of butterflies {unknown}
 q - 2 scrolls of amnesia {unknown}
 t - a scroll of immolation {unknown}
 u - a scroll of enchant armour {unknown}


   Skills:
 * Level 2.5 Fighting
 * Level 4.1 Short Blades
 - Level 1.7 Throwing
 * Level 1.6 Armour
 * Level 2.9 Dodging
 * Level 2.1 Stealth


You had 4 spell levels left.
You didn't know any spells.
Your spell library was empty.

Dungeon Overview and Level Annotations

Branches:
Dungeon (4/15)
 Temple: D:4-7

Altars:
Ashenzari
Ru

Shops:
D:3 :*

Portals:
Sewer: D:4


Innate Abilities, Weirdness & Mutations

You are a tree.
Your roots penetrate the ground, keeping you stationary.
You cannot be teleported.
You are immune to unholy pain and torment.
Your maximum health is greatly increased.
Your equipment is partially melded.
((Your serpentine skin is tough. (AC +1)))
You have supernaturally acute eyesight. (SInv)
((Armour fits poorly on your strangely shaped body.))
((Your system is resistant to poisons. (rPois)))
((You cover ground very slowly.))
You can spit poison.
((You have a snake-like lower body.))


Message History

The giant cockroach bites you but does no damage.
The orc priest invokes the aid of Beogh against you.
Beogh smites you!
* * * LOW HITPOINT WARNING * * *
The hobgoblin attacks as you move away! The hobgoblin closely misses you.
The giant cockroach attacks as you move away!
The giant cockroach closely misses you. x2
The hobgoblin hits you.
* * * LOW HITPOINT WARNING * * *
The giant cockroach bites you but does no damage.
The hobgoblin attacks as you move away!
The hobgoblin hits you but does no damage.
Your resistance to elements expires.
Items here: ) [ ††††.
The giant cockroach closely misses you.
It was a potion of flight.
You feel very buoyant.
You fly up into the air.
The giant cockroach closely misses you.
It was a potion of degeneration.
There was something very wrong with that liquid.
You feel weakened.
You feel dopey.
You feel clumsy.
The giant cockroach bites you but does no damage.
It was a potion of might.
You feel very mighty all of a sudden.
The endoplasm quivers.
The giant cockroach bites you but does no damage. x2
It was a potion of lignification.
You turn into a tree.
Your +0 helmet melds into your body.
Your +2 robe of willpower melds into your body.
You feel less strong-willed.
Your roots penetrate the ground.
The giant cockroach bites you but does no damage.
You closely miss the giant cockroach.
The giant cockroach is heavily wounded.
The giant cockroach bites you.
* * * LOW HITPOINT WARNING * * *
You puncture the giant cockroach!
You kill the giant cockroach!
The orc priest calls down the wrath of Beogh upon you.
Beogh smites you!
You die...

# .# #. ###. #..
#.# #♣# #g# ##.##
##owo##
#####.oo..####.
#..............#
..##.###.....##.#.#
.......<.......##
.......[........#


You could see a worm, an orc priest, 3 orcs and a hobgoblin.

Vanquished Creatures
  A gnoll (D:1)
  5 adders
  3 worms
  A dart slug (D:2)
  2 orcs
  3 endoplasms
  5 giant cockroaches
  5 hobgoblins
  8 kobolds
  3 quokkas
  10 ball pythons
  2 bats
  3 frilled lizards
  7 goblins
  7 rats
65 creatures vanquished.

Vanquished Creatures (others)
  2 plants
2 creatures vanquished.

Grand Total: 67 creatures vanquished

Notes
Turn   | Place    | Note
-------+----------+-------------------------------------------
     0 | D:1      | Leibowitz the Naga Gladiator began the quest for the Orb.
     0 | D:1      | Reached XP level 1. HP: 19/19 MP: 1/1
   186 | D:1      | Reached XP level 2. HP: 9/26 MP: 2/2
   757 | D:1      | Found a faded altar of an unknown god.
   772 | D:1      | Reached skill level 1 in Stealth
   780 | D:1      | Reached XP level 3. HP: 12/32 MP: 3/3
  1253 | D:2      | Reached skill level 1 in Armour
  1345 | D:2      | Found a sacrificial altar of Ru.
  1541 | D:2      | Reached XP level 4. HP: 35/39 MP: 4/4
  2335 | D:3      | Found a broken altar of Ashenzari.
  2435 | D:3      | Found Emas's Assorted Antiques.
  2521 | D:3      | Found Taipreriocs's Book Shop.
  3088 | D:4      | Found a glowing drain.
  3113 | D:4      | Reached skill level 4 in Short Blades
  3125 | D:4      | Reached XP level 5. HP: 14/46 MP: 5/5
  3151 | D:4      | Noticed an ogre
  3164 | D:4      | Killed from afar by an orc priest

Illustrated notes

Levels and vault maps discovered:
D:1:      sevenhm_arrival_forest_fort_small_1, layout_rooms,
          shapermc_ecumenical_altar_mp_ritualfount
D:2:      layout_loops_corners, basic_altar
D:3:      cheibrodos_old_hovel, layout_rooms, slow_altar_1,
          ashenzari_conservatory_becter, serial_shops, nicolae_shop_statue_plus,
          nicolae_shop_trees, shop
D:4:      layout_loops_ring, grunt_gozag_breadcrumbs, minmay_temple_entry_glass,
          portal_sewer_entry_a, uniq_eustachio

Skill      XL: |  1  2  3  4 |
---------------+-------------+-----
Stealth        | 1 2 |  2.1
Armour         | 1 |  1.6
Short Blades   | 4 |  4.1
Fighting       | |  2.5
Throwing       | |  1.7
Dodging        | |  2.9

Action                   |  1- 3 |  4- 6 || total
-------------------------+-------+-------++-------
Melee: Rapier            |    84 |   190 ||   274
       Punch             |       |     2 ||     2
 Abil: Spit Poison       |       |     2 ||     2
  Use: Potion            |       |     6 ||     6
 Stab: Sleeping          |     2 |       ||     2
Armor: Leather armour    |    27 |     2 ||    29
       Robe              |       |    86 ||    86
       Skin              |       |     1 ||     1
Dodge: Dodged            |    37 |    97 ||   134
